 Dungeon Crawl Stone Soup version 0.28.0 (webtiles) character file.

Game seed: 7604631258541454678

104669 browni3141 the Executioner (level 15, -1/225 HPs)
             Began as a Minotaur Berserker on Feb 17, 2022.
             Was a High Priest of Trog.
             Asphyxiated
             ... on level 4 of the Snake Pit.
             The game lasted 00:19:49 (25240 turns).

browni3141 the Executioner (Minotaur Berserker)    Turns: 25240, Time: 00:19:49

Health: -1/225     AC: 30    Str: 27 (28) XL:     15   Next: 92%
Magic:  14/14      EV:  7    Int:  3 (4)  God:    Trog [*****.]
Gold:   1997       SH:  0    Dex: 17      Spells: 14/14 levels left

rFire   . . .      SeeInvis +   b - +5 executioner's axe (flame)
rCold   . . .      Faith    +   (shield currently unavailable)
rNeg    + . .      Spirit   .   y - +0 plate armour
rPois   .          Reflect  .   (helmet restricted)
rElec   .          Harm     .   V - +2 cloak
rCorr   .          Rampage  .   o - +2 pair of gloves
Will    +++..                   f - +1 pair of boots of Freedom {Regen+ Dex+3}
Stlth   ..........              H - amulet of faith {!P}
HPRegen 1.27/turn               O - ring "Rufitu Cutya" {*Corrode Fly Will+ Dex+3 SInv}
MPRegen 0.14/turn               N - ring of positive energy

@: berserking (expiring), lethally poisoned (-1 -> -29), flying, slowed,
constricted
A: horns 2, retaliatory headbutt, hooves 1, deterioration 1, strong-willed 1,
MP-powered wands
a: Renounce Religion, Berserk, Trog's Hand, Brothers in Arms


You were on level 4 of the Snake Pit.
You worshipped Trog.
Trog was extremely pleased with you.
You visited 4 branches of the dungeon, and saw 25 of its levels.
You also visited: Gauntlet.

You collected 2235 gold pieces.
You spent 238 gold pieces at shops.


Innate Abilities, Weirdness & Mutations

You have a pair of horns on your head.
You reflexively headbutt those who attack you in melee.
You have large cloven feet.
Your body sometimes deteriorates upon taking damage.
You are strong-willed. (Will+)
You expend magic power (3 MP) to strengthen your wands.


   Skills:
 + Level 18.4 Fighting
 * Level 22.5 Axes
 + Level 20.9 Armour
 - Level 2.1 Dodging
 + Level 1.0 Evocations


You had 14 spell levels left.
You didn't know any spells.
Your spell library was empty.

Inventory:

Hand Weapons
 b - a +5 executioner's axe of flaming (weapon)
 k - a +5 battleaxe of flaming
 X - a +2 broad axe
Missiles
 I - a throwing net
 M - 4 curare-tipped darts (quivered) {@f4}
Armour
 f - the +1 pair of boots of Freedom (worn) {Regen+ Dex+3}
   (You acquired it on level 1 of the Lair of Beasts)

   Dex:       It affects your dexterity (+3).
   Regen:     It increases your rate of health regeneration.
 o - a +2 pair of gloves (worn)
 y - a +0 plate armour (worn)
 V - a +2 cloak (worn)
Jewellery
 n - a ring of positive energy
 v - a ring of see invisible
 F - a ring of fire
 H - an amulet of faith (around neck) {!P}
 L - a ring of flight
 N - a ring of positive energy (right hand)
 O - the ring "Rufitu Cutya" (left hand) {*Corrode Fly Will+ Dex+3 SInv}
   (You found it in a Gauntlet)

   [ring of willpower]

   Dex:       It affects your dexterity (+3).
   SInv:      It lets you see invisible.
   Fly:       It grants you flight.
   *Corrode:  It may corrode you when you take damage.
   Will:      It increases your willpower.
 R - a ring of resist corrosion
Wands
 a - a wand of acid (3)
 l - a wand of digging (4)
 s - a wand of polymorph (16)
 x - a wand of mindburst (28)
 D - a wand of iceblast (7)
Scrolls
 d - 3 scrolls of fog {@r5}
 e - 5 scrolls of noise {!r}
 j - 3 scrolls of summoning
 t - 10 scrolls of teleportation {@r4}
 u - 3 scrolls of immolation {!r}
 A - 7 scrolls of blinking {@r3}
 E - a scroll of fear {unknown}
 G - a scroll of holy word
 Q - 3 scrolls of magic mapping
 S - 2 scrolls of torment {!r}
 T - a scroll of vulnerability {!r}
 U - 2 scrolls of amnesia
Potions
 c - 12 potions of curing {@q1}
 g - 6 potions of flight {unknown}
 h - 4 potions of brilliance
 i - 3 potions of mutation {!q}
 m - 3 potions of ambrosia
 p - a potion of berserk rage {!q}
 w - 5 potions of might
 z - 4 potions of haste {unknown}
 B - a potion of heal wounds {@q2}
 C - 4 potions of lignification {!q}
 J - 2 potions of attraction {unknown}
 P - 2 potions of magic
Miscellaneous
 q - a lightning rod (4/4)
 r - a phantom mirror
 K - a box of beasts
 Y - a piece from Xom's chessboard (15/15)

Dungeon Overview and Level Annotations

Branches:
Dungeon (13/15)            Temple (0/1) D:4            Lair (6/6) D:10
  Swamp (0/4) Lair:3        Snake (4/4) Lair:4        Slime (0/5) Lair:5
    Orc (2/2) D:9             Elf (0/3) Orc:2        Vaults (0/5) D:13
Gauntlet (visited)

Altars:
Fedhas
Makhleb
Nemelex Xobeh
Okawaru
Ru
Sif Muna
Trog
Uskayaw
Vehumet
Xom
Beogh

Shops:
D:1 *   D:2 *   D:6 (   Orc:1 (   Orc:2 (([!

Portals:
Hell: Lair:6
Trove: D:13 (show slimy rune of Zot)

¦......¦ **¦*,,,,,,,** ¦......¦
**,,,,,,,* ¦......¦ **.,,,,,,*
¦......¦ *¦¦¦..,,,,,**
****¦¦.(....¦¦¦¦¦.....,,,,,*
****,,,..................,,,,**
,,,,,,,.....#...#........,,***
,,,,,,,.......NN#.......¦***
,,,,,,,........N@)..¦¦¦¦¦
,,,,***¦¦......¦¦¦¦¦¦ ,****
¦......¦ ** ¦......¦ **
¦......¦ ,**** ¦....N.¦
,,,,****¦......¦*****
,,,,,,,,......N,,,,,*****
,,,,,,,*,,,,,,,,,,,,,,,,****


You could see a naga warrior, a nagaraja (fast, curare, catching breath) and a
naga (curare).


Message History

You kill the nagaraja!
Trog accepts your kill.
Trog appreciates your killing of a magic user.
You hit the nagaraja but do no damage. You slash the naga mage!
You burn the naga mage.
You kill the naga mage!
Trog accepts your kill.
Trog appreciates your killing of a magic user.
You feel very sick.
You hear a shout! x2
The nagaraja spits poison at you.
The splash of poison hits you but does no damage.
You are more poisoned.
You have difficulty breathing.
* * * LOW HITPOINT WARNING * * *
You feel as though you will be slow longer.
The naga hits you but does no damage.
Your Evocations skill increases to level 1!
You slash the nagaraja! You burn the nagaraja. You headbutt the nagaraja!!
The nagaraja is moderately wounded.
You slash the naga warrior! You burn the naga warrior.
You feel very sick. The nagaraja hits you with a +0 flail!
* * * LOW HITPOINT WARNING * * *
The nagaraja grabs you. The nagaraja constricts you.
The nagaraja spits poison at you.
The splash of poison hits you but does no damage.
You are more poisoned.
You have difficulty breathing.
You die...

Skill      XL: |  1  2  3  4  5  6  7  8  9 10 11 12 13 14 15 |
---------------+----------------------------------------------+-----
Axes           | 4 5 6 7 8 10 12 14 16 18 20 22 | 22.5
Fighting       | 4 5 6 7 9 10 12 13 15 16 18 | 18.4
Armour         | 3 4 5 6 7 9 10 12 15 17 19 20 | 20.9
Evocations     | 1 |  1.0
Dodging        | |  2.1

Action                   |  1- 3 |  4- 6 |  7- 9 | 10-12 | 13-15 || total
-------------------------+-------+-------+-------+-------+-------++-------
Melee: Hand axe          |   101 |    75 |       |       |       ||   176
       Punch             |     2 |       |     2 |     7 |     7 ||    18
       Headbutt          |    14 |    13 |    35 |   112 |   214 ||   388
       War axe           |       |       |   197 |   492 |   314 ||  1003
       Unarmed           |       |       |    22 |       |       ||    22
       Battleaxe         |       |       |       |       |   407 ||   407
       Executioner's axe |       |       |       |       |   123 ||   123
Throw: Dart              |       |       |       |       |     1 ||     1
       Throwing net      |       |       |       |       |     1 ||     1
Invok: Berserk           |       |     2 |     4 |    13 |    21 ||    40
       Trog's Hand       |       |       |       |     3 |     1 ||     4
       Brothers in Arms  |       |       |       |       |     2 ||     2
Evoke: Wand              |       |       |       |     2 |     2 ||     4
  Use: Scroll            |       |       |       |    16 |    13 ||    29
       Potion            |       |       |       |       |     3 ||     3
 Stab: Petrifying        |       |       |       |     2 |       ||     2
       Petrified         |       |       |       |     1 |       ||     1
       Held in net/web   |       |       |       |       |     1 ||     1
Armor: Animal skin       |    17 |       |       |       |       ||    17
       Chain mail        |     7 |    28 |    60 |       |       ||    95
       Plate armour      |       |       |    84 |   419 |   596 ||  1099
       Skin              |       |       |     2 |       |       ||     2
Dodge: Dodged            |    59 |    31 |    99 |   259 |   349 ||   797

Levels and vault maps discovered:
D:1:      minmay_arrival_stone_box, layout_basic, serial_shops,
          nicolae_shop_trees
D:2:      layout_rooms, serial_aquarium, aquarium_bridge_island_small
          [aquarium_subvault_small_water, aquarium_subvault_wall,
          aquarium_subvault_bridge, aquarium_subvault_balcony,
          aquarium_subvault_bridge], aquarium_window_fake, aquarium_window_2,
          aquarium_window_fake, aquarium_view_2c, aquarium_balcony_3a,
          serial_shops, nicolae_lakefront_shop, minmay_small_reverse_x
D:3:      layout_basic
D:4:      layout_basic, mainiacjoe_overflow_alcove_3,
          minmay_temple_entry_arrows, uniq_natasha, uniq_blork_the_orc
D:5:      minmay_diamond_boxcup, layout_loops_cross,
          cheibrodos_sewer_entry_bend, uniq_ijyb
D:6:      layout_loops_cross, mainiacjoe_overflow_boulevard, serial_shops,
          nicolae_shop_trees
D:7:      layout_basic, mainiacjoe_overflow_catwalk, uniq_duvessa, uniq_pikel,
          uniq_joseph
D:8:      layout_basic, enter_ossuary_3, serial_undead, serial_undead_b,
          serial_undead_c, serial_undead_f, serial_undead_a, serial_undead_e,
          serial_undead_f, grunt_ministairs_5
D:9:      layout_cave_pods, hiddenorc1_lemuel, serial_glass, glass_columns_c,
          glass_columns_b, glass_columns_c, glass_columns_b, glass_columns_a
D:10:     layout_stronghold, nicolae_vehumet_radiance, david_lair_shrubbed,
          kennysheep_another_room, roderic_three_in_a_row, evilmike_butchery
D:11:     layout_irregular_city, minivault_21
D:12:     layout_basic, grunt_decor_arrowhead, uniq_sonja
D:13:     layout_rooms, erik_vaults_2, nicolae_trove_entry_diagonal,
          dancing_weapons_uskayaw
Lair:1:   layout_roguey, gauntlet_entry_generic, serial_bayou_shore_a,
          lemuel_fruit_fields
Lair:2:   gammafunk_lair_enchanted_lake, layout_chaotic_city, st_stairs_4,
          nicolae_lair_liquid_snakes, grunt_megastairs_4
Lair:3:   layout_regular_city, swamp_mist, infiniplex_staircase_pool
Lair:4:   layout_hall_layers, minmay_snake_entry_six_corridors,
          nicolae_lair_lil_pond, serial_bayou_shore_b, uniq_rupert
Lair:5:   layout_cave_pods, slime_dummy, chequers_serial_rivers_micro_b,
          grunt_megastairs_3, uniq_josephine
Lair:6:   evil_forest, layout_layer_cave
Snake:1:  layout_misc_corridors, nicolae_snake_storage_room, uniq_aizul
Snake:2:  layout_layer_cave
Snake:3:  layout_layer_cave
Snake:4:  minmay_snake_end_coiled, layout_grid_shapes, basic_altar,
          serial_shops, nicolae_lakefront_shop, serial_bayou_shore_b
Orc:1:    layout_caves, serial_shops, shop
Orc:2:    st_orc_town, layout_diamond_mine, nicolae_orc_crystal_geode,
          uniq_jorgrun

Notes
Turn   | Place    | Note
-------+----------+-------------------------------------------
     0 | D:1      | browni3141 the Minotaur Berserker began the quest for the
                  | Orb.
     0 | D:1      | Reached XP level 1. HP: 19/19 MP: 0/0
   272 | D:1      | Reached skill level 4 in Axes
   274 | D:1      | Reached XP level 2. HP: 19/27 MP: 1/1
   606 | D:1      | Found Tusain Sym's General Store.
   895 | D:2      | Reached skill level 4 in Fighting
  1041 | D:2      | Reached skill level 3 in Armour
  1063 | D:2      | Reached XP level 3. HP: 26/33 MP: 2/2
  1270 | D:2      | Reached ** piety under Trog
  1684 | D:2      | Found Babissib's General Store.
  2161 | D:3      | Reached XP level 4. HP: 40/40 MP: 3/3
  2178 | D:3      | Reached skill level 5 in Axes
  2206 | D:3      | Noticed a centaur
  2216 | D:3      | Killed a centaur
  2217 | D:3      | Reached XP level 5. HP: 14/47 MP: 4/4
  2727 | D:4      | Found a staircase to the Ecumenical Temple.
  2781 | D:4      | Noticed a phantom
  2793 | D:4      | Killed a phantom
  2794 | D:4      | Reached skill level 5 in Fighting
  2794 | D:4      | Reached skill level 6 in Axes
  2794 | D:4      | Reached skill level 4 in Armour
  2816 | D:4      | Noticed Blork the orc
  2827 | D:4      | Killed Blork the orc
  2828 | D:4      | Reached XP level 6. HP: 56/56 MP: 5/5
  3177 | D:4      | Found a bloodstained altar of Trog.
  3178 | D:4      | Found a sparkling altar of Nemelex Xobeh.
  3179 | D:4      | Found a blossoming altar of Fedhas.
  3179 | D:4      | Found a shimmering blue altar of Sif Muna.
  3270 | D:4      | Reached skill level 7 in Axes
  3813 | D:4      | Noticed Natasha
  3820 | D:4      | Killed Natasha
  3938 | D:5      | Entered Level 5 of the Dungeon
  3995 | D:5      | Reached skill level 5 in Armour
  3995 | D:5      | Reached XP level 7. HP: 51/62 MP: 6/6
  4105 | D:5      | Reached skill level 6 in Fighting
  4403 | D:5      | Noticed Ijyb
  4413 | D:5      | Reached skill level 8 in Axes
  4417 | D:5      | Killed Ijyb
  4440 | D:5      | Reached skill level 6 in Armour
  4440 | D:5      | Reached XP level 8. HP: 40/71 MP: 7/7
  4513 | D:5      | Reached skill level 9 in Axes
  4655 | D:5      | Reached *** piety under Trog
  4928 | D:6      | Found an iron altar of Okawaru.
  5097 | D:6      | Reached skill level 7 in Fighting
  5421 | D:6      | Reached skill level 10 in Axes
  5421 | D:6      | Reached skill level 7 in Armour
  5423 | D:6      | Reached XP level 9. HP: 81/81 MP: 8/8
  5427 | D:6      | Reached skill level 8 in Fighting
  5768 | D:6      | Reached skill level 11 in Axes
  5970 | D:6      | Found Ciuhem's Antique Weapon Emporium.
  6329 | D:7      | Noticed Duvessa
  6329 | D:7      | Noticed Dowan
  6391 | D:7      | Killed Duvessa
  6397 | D:7      | Killed Dowan
  6398 | D:7      | Reached skill level 8 in Armour
  6737 | D:7      | Noticed Pikel
  6737 | D:7      | Noticed Joseph
  6745 | D:7      | Killed Joseph
  6749 | D:7      | Killed Pikel
  6750 | D:7      | Reached skill level 9 in Fighting
  6750 | D:7      | Reached skill level 12 in Axes
  7088 | D:7      | Found a sacrificial altar of Ru.
  7088 | D:7      | Noticed a kobold demonologist
  7088 | D:7      | Noticed a kobold demonologist
  7097 | D:7      | Noticed an orange demon
  7098 | D:7      | Killed a kobold demonologist
  7234 | D:8      | Reached skill level 9 in Armour
  7234 | D:8      | Reached XP level 10. HP: 77/91 MP: 9/9
  7451 | D:8      | Reached **** piety under Trog
  7517 | D:8      | Reached skill level 13 in Axes
  8775 | D:9      | Reached skill level 10 in Fighting
  9261 | D:9      | Noticed a two-headed ogre
  9294 | D:9      | Killed a two-headed ogre
  9295 | D:9      | Reached skill level 14 in Axes
  9295 | D:9      | Reached skill level 10 in Armour
  9990 | D:9      | Found a staircase to the Orcish Mines.
 10126 | Orc:1    | Entered Level 1 of the Orcish Mines
 10302 | Orc:1    | Found Zale's Antique Weapon Emporium.
 10323 | Orc:1    | Noticed an orc sorcerer
 10334 | Orc:1    | Noticed a rust devil
 10339 | Orc:1    | Killed an orc sorcerer
 10770 | D:10     | Entered Level 10 of the Dungeon
 10800 | D:10     | Reached XP level 11. HP: 101/101 MP: 10/10
 10812 | D:10     | Reached skill level 11 in Fighting
 11185 | D:10     | Found a staircase to the Lair.
 11519 | D:10     | Found a radiant altar of Vehumet.
 11956 | D:10     | Reached skill level 15 in Axes
 12144 | Lair:1   | Entered Level 1 of the Lair of Beasts
 12180 | Lair:1   | Reached skill level 11 in Armour
 12218 | Lair:1   | Identified 2 scrolls of acquirement
 12226 | Lair:1   | Acquired the +1 pair of boots of Freedom {Regen+ Dex+3}
 12239 | Lair:1   | Acquired a manual of Armour
 12328 | Lair:1   | Found a gate leading to a gauntlet.
 12337 | Gauntlet | Entered a Gauntlet
 12337 | Gauntlet | Found a transporter.
 12337 | Gauntlet | Found a transporter.
 12337 | Gauntlet | Found a runed translucent door.
 12344 | Gauntlet | Found a runed translucent door.
 12355 | Gauntlet | Found a transporter.
 12363 | Gauntlet | Found a transporter.
 12386 | Gauntlet | Found a transporter.
 12386 | Gauntlet | Found a transporter.
 12503 | Gauntlet | Found a transporter.
 12515 | Gauntlet | Reached skill level 16 in Axes
 12516 | Gauntlet | Reached ***** piety under Trog
 12519 | Gauntlet | Identified the ring "Rufitu Cutya" {*Corrode Fly Will+
                  | Dex+3 SInv}
 12564 | Gauntlet | Noticed a minotaur
 12575 | Gauntlet | Killed a minotaur
 12576 | Gauntlet | Reached skill level 12 in Fighting
 12576 | Gauntlet | Reached skill level 12 in Armour
 12693 | Gauntlet | Identified the +0 ring mail of the Komodo Dragon {Dex+5
                  | Stlth-}
 13334 | Lair:2   | Noticed a five-headed hydra
 13346 | Lair:2   | Killed a 13-headed hydra
 13553 | Lair:2   | Reached XP level 12. HP: 68/112 MP: 11/11
 13731 | Lair:2   | Noticed a catoblepas
 13751 | Lair:2   | Killed a catoblepas
 13752 | Lair:2   | Reached skill level 13 in Armour
 13878 | Lair:2   | Reached skill level 17 in Axes
 14153 | Lair:2   | Noticed a catoblepas
 14169 | Lair:2   | Reached skill level 14 in Armour
 14174 | Lair:2   | Killed a catoblepas
 14175 | Lair:2   | Reached skill level 13 in Fighting
 14527 | Lair:2   | Noticed a catoblepas
 14549 | Lair:2   | Found a runed translucent door.
 14589 | Lair:2   | Noticed a five-headed hydra
 14590 | Lair:2   | Noticed a death yak
 14591 | Lair:2   | Noticed a death yak
 14591 | Lair:2   | Noticed a death yak
 14591 | Lair:2   | Noticed a death yak
 14592 | Lair:2   | Noticed a death yak
 14593 | Lair:2   | Noticed a death yak
 14597 | Lair:2   | Killed a nine-headed hydra
 14602 | Lair:2   | Killed a death yak
 14609 | Lair:2   | Killed a death yak
 14610 | Lair:2   | Reached skill level 18 in Axes
 14611 | Lair:2   | Killed a death yak
 14614 | Lair:2   | Killed a death yak
 14620 | Lair:2   | Killed a death yak
 14621 | Lair:2   | Reached skill level 15 in Armour
 14625 | Lair:2   | Killed a death yak
 14928 | Lair:2   | Killed a catoblepas
 15098 | Lair:3   | Reached XP level 13. HP: 117/123 MP: 12/12
 15230 | Lair:3   | Found a staircase to the Swamp.
 16114 | Lair:4   | Reached skill level 14 in Fighting
 16162 | Lair:4   | Reached skill level 19 in Axes
 16280 | Lair:4   | Reached skill level 16 in Armour
 16309 | Lair:4   | Found a staircase to the Snake Pit.
 16467 | Lair:4   | Noticed Rupert
 16489 | Lair:4   | Killed Rupert
 16844 | Lair:4   | Reached skill level 17 in Armour
 16927 | Lair:4   | Reached skill level 20 in Axes
 17807 | Lair:5   | Reached skill level 15 in Fighting
 17956 | Lair:5   | Noticed Josephine
 17966 | Lair:5   | Received a gift from Trog
 17968 | Lair:5   | Killed Josephine
 18135 | Lair:5   | Reached XP level 14. HP: 122/135 MP: 13/13
 18216 | Lair:5   | Found a staircase to the Slime Pits.
 18634 | Lair:5   | Reached skill level 18 in Armour
 19301 | Lair:6   | Entered Level 6 of the Lair of Beasts
 19395 | Lair:6   | Reached skill level 21 in Axes
 20113 | Lair:6   | Received a gift from Trog
 20428 | Lair:6   | Found a burning altar of Makhleb.
 20433 | Lair:6   | Reached skill level 16 in Fighting
 20439 | Lair:6   | Reached skill level 19 in Armour
 20445 | Lair:6   | Found a gateway to Hell.
 20867 | Orc:2    | Entered Level 2 of the Orcish Mines
 21083 | Orc:2    | Received a gift from Trog
 21084 | Orc:2    | Reached skill level 22 in Axes
 21201 | Orc:2    | Noticed Jorgrun
 21220 | Orc:2    | Killed Jorgrun
 21486 | Orc:2    | Found a staircase to the Elven Halls.
 21626 | Orc:2    | Found Lenifaz's Weapon Emporium.
 21626 | Orc:2    | Found Veagig's Antique Weapon Boutique.
 21897 | Orc:2    | Found Idomm's Distillery.
 21899 | Orc:2    | Found Sappyzia's Armour Boutique.
 21904 | Orc:2    | Reached XP level 15. HP: 145/145 MP: 14/14
 22026 | Orc:2    | Bought a potion of magic for 136 gold pieces
 22026 | Orc:2    | Bought a potion of curing for 51 gold pieces
 22026 | Orc:2    | Bought a potion of lignification for 51 gold pieces
 22520 | D:11     | You are sucked into a shaft and drop 1 floor!
 22839 | D:12     | Noticed Sonja
 22841 | D:12     | Noticed Sonja
 22841 | D:12     | Sonja changed into Sonja the troll
 22845 | D:12     | Killed Sonja the troll
 22846 | D:12     | Gained mutation: You are frail. (-10% HP) [potion of
                  | mutation]
 22846 | D:12     | Gained mutation: You sometimes lose the ability to read
                  | scrolls when taking damage. [potion of mutation]
 22847 | D:12     | Lost mutation: You are frail. (-10% HP) [potion of
                  | mutation]
 22847 | D:12     | Lost mutation: You sometimes lose the ability to read
                  | scrolls when taking damage. [potion of mutation]
 22847 | D:12     | Gained mutation: Your body sometimes deteriorates upon
                  | taking damage. [potion of mutation]
 22847 | D:12     | Gained mutation: You expend magic power (3 MP) to
                  | strengthen your wands. [potion of mutation]
 22847 | D:12     | Gained mutation: You have large cloven feet. [potion of
                  | mutation]
 22847 | D:12     | Gained mutation: You are strong-willed. (Will+) [potion of
                  | mutation]
 23028 | D:13     | Found a hide-covered altar of Uskayaw.
 23178 | D:13     | Reached skill level 17 in Fighting
 23381 | D:13     | Reached skill level 20 in Armour
 23402 | D:13     | Received a gift from Trog
 23567 | D:13     | Found a gate to the Vaults.
 23684 | D:13     | Found a portal to a secret trove of treasure.
 24184 | Snake:1  | Entered Level 1 of the Snake Pit
 24185 | Snake:1  | Noticed Aizul
 24196 | Snake:1  | Killed Aizul
 24377 | Snake:4  | Entered Level 4 of the Snake Pit
 24377 | Snake:4  | Found a shimmering altar of Xom.
 24507 | Snake:4  | Reached skill level 18 in Fighting
 24514 | Snake:4  | HP: 22/223 [naga warrior (3)]
 24518 | Snake:4  | HP: 7/149 [poisoned by a naga mage (bolt of poison)]
 24524 | Snake:4  | HP: 8/149 [naga sharpshooter/arrow (14)]
 24674 | Snake:3  | HP: 14/149 [poisoned by a naga mage (bolt of poison)]
 25225 | Snake:4  | Noticed a nagaraja
 25227 | Snake:4  | Noticed a nagaraja
 25239 | Snake:4  | Killed a nagaraja
 25239 | Snake:4  | HP: 22/225 [asphyx]
 25240 | Snake:4  | Reached skill level 1 in Evocations
 25240 | Snake:4  | HP: 4/225 [nagaraja (15)]
 25240 | Snake:4  | Asphyxiated

Vanquished Creatures
  Jorgrun (Orc:2)
  A nagaraja (Snake:4)
  Aizul (Snake:1)
  A minotaur (Gauntlet)
  Josephine (Lair:5)
  7 vault guards (D:13)
  A boulder beetle (D:12)
  2 naga warriors (Snake:4)
  3 catoblepae (Lair:2)
  4 centaur warriors (D:13)
  13 hydras
  A tengu warrior (D:13)
  A two-headed ogre (D:9)
  11 death yaks
  4 naga sharpshooters (Snake:4)
  An orc high priest (Orc:2)
  3 skeletal warriors (D:13)
  A salamander mystic (Snake:4)
  A sixfirhy (Lair:6)
  3 naga ritualists (Snake:4)
  2 lindwurms
  A wizard (Lair:6)
  9 orc knights
  2 deep elf pyromancers
  Pikel (D:7)
  2 mana vipers (Snake:4)
  2 ugly things (D:13)
  4 slime creatures (D:13)
  A salamander (Snake:4)
  2 orc sorcerers
  A moth of wrath (Gauntlet)
  3 elephants (Lair:6)
  5 naga magi
  13 black mambas
  Joseph (D:7)
  15 cane toads
  7 rime drakes
  2 gargoyles (D:12)
  A kobold demonologist (D:7)
  11 komodo dragons
  4 orange demons (Lair:6)
  2 torpor snails
  An ice devil (Lair:6)
  A hellwing (Lair:6)
  4 trolls
  A red devil (Lair:6)
  A tyrant leech (Gauntlet)
  2 polar bears
  22 blink frogs
  16 dream sheep
  8 wyverns
  62 yaks
  4 wraiths
  3 basilisks
  A steam dragon (D:9)
  A golden eye (shapeshifter) (D:13)
  A neqoxec (Gauntlet)
  A chaos spawn (Gauntlet)
  7 vampire mosquitoes (D:13)
  4 swamp worms (Gauntlet)
  4 wargs (Orc:2)
  14 nagas
  16 water moccasins
  4 hell hounds (Lair:6)
  Duvessa (D:7)
  33 orc warriors
  2 ice beasts
  2 black bears
  6 necrophages
  29 wolves
  3 phantoms
  4 centaurs
  6 ogres
  A lemure (D:7)
  A kobold brigand (D:10)
  Blork the orc (D:4)
  16 bullfrogs
  A wyvern zombie (D:8)
  A scorpion (D:7)
  Dowan (D:7)
  5 killer bees (D:9)
  A howler monkey (D:6)
  9 wights
  4 electric eels (Lair:2)
  5 centaur zombies
  A jelly (D:6)
  2 lava snakes (Lair:2)
  2 gnoll shamans
  4 hounds
  6 orc priests
  Ijyb (D:5)
  Natasha (D:4)
  9 orc wizards
  A killer bee zombie (D:8)
  A hound skeleton (D:5)
  A mummy (D:8)
  2 howler monkey zombies
  12 gnolls
  3 adders
  A shadow imp (D:4)
  3 white imps
  4 worms
  2 dart slugs
  73 orcs
  9 ball pythons
  4 endoplasms
  5 giant cockroaches
  6 hobgoblins
  A jackal (D:2)
  3 quokkas
  7 bats
  4 frilled lizards
  4 goblins
  8 kobolds
  2 rats
644 creatures vanquished.

Vanquished Creatures (collateral kills)
  Rupert (Lair:4)
  A vault guard (D:13)
  A black bear (Lair:4)
  A bullfrog (Lair:4)
4 creatures vanquished.

Vanquished Creatures (others)
  45 fungi
  66 plants
  6 toadstools (Lair:2)
  6 withered plants (D:8)
123 creatures vanquished.

Grand Total: 771 creatures vanquished

Table legend: (Time is in decaauts)
 A = Elapsed time spent in this place.
 B = Non-inter-level travel time spent in this place.
 C = Inter-level travel time spent in this place.
 D = Time resting spent in this place.
 E = Time spent auto-exploring this place.
 F = Levels seen in this place.
 G = Mean time per level.
                   A        B        C        D        E       F      G
               +--------+--------+--------+--------+--------+-----+--------+
         Total |  25225 |  23783 |   1442 |   3613 |  16256 |  26 |  970.2 |
       Dungeon |  13612 |  12726 |    886 |   1011 |   9907 |  13 | 1047.1 |
          Lair |   8339 |   7956 |    383 |   1460 |   5165 |   6 | 1389.8 |
     Snake Pit |   1023 |   1023 |      0 |    483 |     93 |   4 |  255.8 |
  Orcish Mines |   1869 |   1698 |    171 |    462 |   1010 |   2 |  934.5 |
      Gauntlet |    380 |    380 |      0 |    195 |     81 |   1 |  380.0 |
               +--------+--------+--------+--------+--------+-----+--------+

Top non-repeatable levels by time:
     D:9: 1919 daAuts
  Lair:4: 1870 daAuts
  Lair:2: 1795 daAuts
  Lair:5: 1565 daAuts
    D:10: 1458 daAuts
     D:8: 1416 daAuts
  Lair:6: 1364 daAuts
     D:4: 1313 daAuts
     D:6: 1299 daAuts
   Orc:2: 1296 daAuts
     D:5: 1002 daAuts
     D:2: 994 daAuts
  Lair:3: 888 daAuts
     D:1: 885 daAuts
     D:7: 880 daAuts

Table legend:
 A = Non-vault XP
 B = Vault XP
 C = Vault XP percentage of total XP
 D = Non-vault monster count
 E = Vault monster count
 F = Vault count percentage of total count
                 A         B        C        D         E       F
            +---------+---------+-------+---------+---------+-------
      Total |   92093 |   57435 |  38.4 |     441 |     206 |  31.8
            +---------+---------+-------+---------+---------+-------
        D:1 |      26 |       0 |   0.0 |      17 |       0 |   0.0
        D:2 |      44 |      11 |  20.0 |      14 |       4 |  22.2
        D:3 |     127 |       0 |   0.0 |      13 |       0 |   0.0
        D:4 |     337 |     126 |  27.2 |      21 |       2 |   8.7
        D:5 |     435 |     549 |  55.8 |      13 |      11 |  45.8
        D:6 |    1672 |       0 |   0.0 |      25 |       0 |   0.0
        D:7 |     754 |    1248 |  62.3 |      10 |       4 |  28.6
        D:8 |    1018 |     901 |  47.0 |      16 |      10 |  38.5
        D:9 |    2047 |     211 |   9.3 |      19 |      17 |  47.2
       D:10 |    2728 |     389 |  12.5 |      20 |       1 |   4.8
       D:11 |    2875 |       0 |   0.0 |      13 |       0 |   0.0
       D:12 |    2651 |     291 |   9.9 |       6 |       1 |  14.3
       D:13 |   12390 |    7025 |  36.2 |      26 |       8 |  23.5
     Lair:1 |    1812 |       0 |   0.0 |       9 |       0 |   0.0
     Lair:2 |   13379 |    5269 |  28.3 |      40 |      18 |  31.0
     Lair:3 |    2358 |       0 |   0.0 |      10 |       0 |   0.0
     Lair:4 |   16784 |    4684 |  21.8 |      65 |      12 |  15.6
     Lair:5 |    9390 |    2133 |  18.5 |      21 |       7 |  25.0
     Lair:6 |    9270 |   11096 |  54.5 |      30 |      26 |  46.4
    Snake:1 |     476 |    1125 |  70.3 |       1 |       1 |  50.0
    Snake:2 |     163 |       0 |   0.0 |       1 |       0 |   0.0
    Snake:3 |     448 |       0 |   0.0 |       1 |       0 |   0.0
    Snake:4 |    7730 |    8634 |  52.8 |      19 |      16 |  45.7
      Orc:1 |    1360 |       0 |   0.0 |      16 |       0 |   0.0
      Orc:2 |    1819 |   10252 |  84.9 |      15 |      53 |  77.9
   Gauntlet |       0 |    3491 | 100.0 |       0 |      15 | 100.0
            +---------+---------+-------+---------+---------+-------
